[Event "*** SCC Grand Prix: Titled Tuesday Blitz"]
[Site "Chess.com"]
[Date "2020.09.08"]
[Round "8"]
[White "AnishOnYoutube"]
[Black "Shield12"]
[Result "1/2-1/2"]
[WhiteElo "2940"]
[BlackElo "2841"]
[TimeControl "180+1"]
[EndTime "11:39:18 PDT"]
[Termination "Game drawn - insufficient material"]

1. d4 Nf6 2. c4 e6 3. Nf3 b6 4.
g3 Bb7 5. Bg2 Be7 6. O-O O-O 7. Re1 Qc8 8. Nc3 Ne4 9. Nxe4 Bxe4 10. Bg5 Qd8 11. Qd2 Bxg5 12. Nxg5 Bxg2 13. Kxg2 h6 14.
Nf3 d6 15. Rad1 Nd7 16. e4 Qe7 17. e5 Rad8 18. Qc2 dxe5 19. dxe5 Nb8 20. a3 Rxd1 21.
Rxd1 Rd8 22. Rxd8+ Qxd8 23. Qe4 c6 24. b4 Qd7 25.
Nd4 a6 26. h4 c5 27. bxc5 bxc5 28. Nb3 Qc7 29. Nc1 Nc6 30. Nd3 Nb8 31. Qa8 Kh7 32. h5 Nd7 33. f4 f6 34. Qxa6 fxe5 35. Qxe6 exf4 36. Nxf4 Nf6 37. Nd5 Qb7 38. Qb6 Qa8 39.
Qxc5 Nxh5 40. Qe3 Qb8 41. Qc3 Qb1 42. Qf3 Qc2+ 43. Kh3 Qxc4 44. Qf5+ Kh8 45. Ne7 Nf6 46. Qc8+ Qxc8+ 47. Nxc8 Nd5 48. a4 Kg8 49. a5 Nc7 50.
Kg4 Kf7 51. Kh5 Kf6 52. Nd6 Na6 53. Ne4+ Kf5 54. Nf2 Nc5 55. Kh4 g6 56. Ng4 h5 57. Nf2 Na6 58. Nd3 Ke4 59. Nf4 Kf5 60.
Kh3 Nc5 61. Nd5 Na6 62. Ne3+ Ke4 63. Nc4 g5 64. Kg2 h4 65. g4 Kf4 66. Kh3 Nc5 67.
Nb6 Ke5 68. Nc4+ Kd5 69. Nd2 Ke5 70. Nf3+ Kf4 71. Nd4 Ke5 72. Nf5 Na6 73. Ng7 Kf6 74. Nf5 Ke5 75. Kg2 Kf4 76. Nh6 Ke5 77. Kf3 Nc5 78.
Nf5 Na6 79. Ne3 Nc5 80. Nc4+ Kd4 81. Nd6 Ke5 82. Nb7 Na6 83. Nd8 Kf6 84. Nc6 Ke6 85. Ke4 Kf6 86. Nd4 Nc5+ 87. Kd5 Na6 88. Nf3 h3 89. Kd6 Nb4 90. Kc5 Na6+ 91. Kb5 Nb8 92.
Kb6 Ke7 93. Kc5 Kd7 94. Kd5 Nc6 95. a6 Nb4+ 96. Ke4 Nxa6 97. Kf5 Nc5 98. Kxg5 Ke6 99. Kh4 Ne4 100. Kxh3 Nf2+ 101. Kg3 Nxg4 1/2-1/2

[Event "*** SCC Grand Prix: Titled Tuesday Blitz"]
[Site "Chess.com"]
[Date "2020.09.08"]
[Round "8"]
[White "Sanyura"]
[Black "Maghalashvili"]
[Result "1-0"]
[WhiteElo "2575"]
[BlackElo "2728"]
[TimeControl "180+1"]
[EndTime "11:39:26 PDT"]
[Termination "Sanyura won on time"]

1. e4 c5 2. Nf3 d6 3. d4 cxd4 4.
Nxd4 Nf6 5. Nc3 a6 6. g3 e5 7.
Nb3 Be7 8. Bg2 O-O 9. O-O Nbd7 10. a4 b6 11. Re1 Bb7 12. Nd2 Rc8 13. Nf1 Nc5 14.
Bg5 Nfd7 15. Bxe7 Qxe7 16. Ne3 g6 17. Ncd5 Qd8 18. Nc4 Bxd5 19. Qxd5 Nf6 20. Qxd6 Ncxe4 21. Qxd8 Rfxd8 22. Nxb6 Rxc2 23. Bxe4 Rxb2 24. a5 Ng4 25. Nc4 Rb4 26. Rac1 Rd4 27. h3 Nf6 28. Nxe5 Rxe4 29. Rc8+ Kg7 30. Rxe4 Rxe4 31. Nd3 Ra4 32. Rc5 Ne4 33.
Re5 Kf6 34. Rd5 Nc3 35. Rd6+ Ke7 36. Rxa6 Ne4 37. Ra7+ Kf6 38. a6 Ra3 39. Nf4 Ra2 40. Nd5+ Kg7 41. Nb4 Rb2 42. Nc6 Nxf2 43. Rb7 Nxh3+ 44.
Kf1 Ra2 45. a7 Ng5 46. Rb8 Ne4 47. g4 Nf6 48. g5 Ne4 49. Rb5 Ra6 50. Ra5 Rxa7 51.
Rxa7 Nxg5 52. Ne5 h5 53. Kf2 Kf6 54. Nf3 Ne6 55. Ra6 Kf5 56. Ne1 g5 57. Ng2 h4 58.
Ne3+ Kg6 59. Ra5 f6 60. Ra6 Nf4 61. Ng4 Nh5 62. Kf3 Kf5 63. Ra5+ Kg6 64. Ne3 Nf4 65. Kg4 Nd3 66. Kf3 Ne5+ 67. Ke4 h3 68. Nf5 g4 69.
Ra7 Nf3 70. Rg7+ Kh5 71. Kf4 Ne5 72. Rh7+ Kg6 73. Rh6+ Kf7 74. Ng3 Kg7 75. Rh5 Kg6 76. Rf5 h2 77. Rh5 Kg7 78. Rxh2 Kg6 79. Rh4 Kg7 80.
Nf5+ Kg6 81. Rh6+ Kf7 82. Rh1 Kg6 83. Ne3 Nd3+ 84. Kxg4 Ne5+ 85. Kf4 Nd3+ 86. Kg3 Nc5 87. Rg1 Kf7 88. Kf4 Ne6+ 89. Kf5 Nd4+ 90. Ke4 Ne6 91.
Nf5 Ng5+ 92. Kd5 Ne6 93. Nd6+ Ke7 94. Re1 1-0

[Event "*** SCC Grand Prix: Titled Tuesday Blitz"]
[Site "Chess.com"]
[Date "2020.09.08"]
[Round "9"]
[White "Rodalquilar"]
[Black "pedromartinez91"]
[Result "1-0"]
[WhiteElo "2662"]
[BlackElo "2495"]
[TimeControl "180+1"]
[EndTime "11:41:19 PDT"]
[Termination "Rodalquilar won by resignation"]

1. d4 e6 2. e4 Nf6 3. e5 Nd5 4. c4 Nb6 5. Nc3 d6 6. Nf3 dxe5 7. Nxe5 N8d7 8. Bf4 Nxe5 9. Bxe5 Nd7 10. Bg3 Bb4 11.
Bd3 Qf6 12. O-O Qxd4 13. Nb5 Qxb2 14. Rb1 1-0

[Event "*** SCC Grand Prix: Titled Tuesday Blitz"]
[Site "Chess.com"]
[Date "2020.09.08"]
[Round "9"]
[White "Chessmatus"]
[Black "FlamingPhoenix123"]
[Result "0-1"]
[WhiteElo "2382"]
[BlackElo "2560"]
[TimeControl "180+1"]
[EndTime "11:41:52 PDT"]
[Termination "FlamingPhoenix123 won by resignation"]

1. e4 c5 2. Nf3 d6 3. d4 cxd4 4. Nxd4 Nf6 5. Nc3 Nc6 6. Bg5 e6 7. Qd2 a6 8. O-O-O h6 9. Bh4 Nxe4 10. Nxe4 Qxh4 11. Qe3 d5 12. Nf5 Qxe4 0-1

[Event "*** SCC Grand Prix: Titled Tuesday Blitz"]
[Site "Chess.com"]
[Date "2020.09.08"]
[Round "9"]
[White "TrickyFortem"]
[Black "saraswathii"]
[Result "1-0"]
[WhiteElo "2459"]
[BlackElo "2336"]
[TimeControl "180+1"]
[EndTime "11:42:10 PDT"]
[Termination "TrickyFortem won by resignation"]

1. d4 g6 2. e4 Bg7 3. Nc3 e6 4. Nf3 Ne7 5. Be3 d5 6. Qd2 dxe4 7.
Nxe4 b6 8. Bh6 O-O 9. h4 Nf5 10. Bxg7 Nxg7 11. h5 f5 12. Neg5 Nxh5 13. Bc4 Qf6 14.
O-O-O Nc6 15. Rde1 Nd8 16. d5 1-0

[Event "*** SCC Grand Prix: Titled Tuesday Blitz"]
[Site "Chess.com"]
[Date "2020.09.08"]
[Round "9"]
[White "Kazan28"]
[Black "ChelsieMonica"]
[Result "1-0"]
[WhiteElo "2276"]
[BlackElo "2419"]
[TimeControl "180+1"]
[EndTime "11:42:21 PDT"]
[Termination "Kazan28 won by resignation"]

1. Nf3 Nf6 2. g3 e6 3. Bg2 d5 4.
O-O Be7 5. d3 O-O 6. e4 c5 7.
Qe2 Nc6 8. h4 b5 9. e5 Nd7 10.
h5 a5 11. h6 g6 12. Re1 a4 13. a3 b4 14. Nbd2 bxa3 15. bxa3 Ba6 16. Nf1 Nd4 17.
Nxd4 cxd4 18. Nh2 Bg5 19. Ng4 Bxc1 20. Raxc1 Rb8 21. Qd2 Qe7 22. Qf4 Rfc8 23. Qxd4 Bb5 24. c4 dxc4 25. dxc4 Bc6 26. Bxc6 Rxc6 27. Qxd7 1-0

[Event "*** SCC Grand Prix: Titled Tuesday Blitz"]
[Site "Chess.com"]
[Date "2020.09.08"]
[Round "9"]
[White "Mazetovic"]
[Black "juancruzarias"]
[Result "1-0"]
[WhiteElo "2642"]
[BlackElo "2464"]
[TimeControl "180+1"]
[EndTime "11:42:23 PDT"]
[Termination "Mazetovic won by resignation"]

1. e4 e6 2. d4 d5 3. Nc3 Nf6 4. Bg5 Bb4 5. e5 h6 6. Bc1 Bxc3+ 7. bxc3 Ne4 8. Qg4 Kf8 9. Ne2 f5 10. exf6 Qxf6 11. f3 Nd6 12. Nf4 g5 13. Nh5 Qf5 14.
Bd3 Qxg4 15. fxg4 Ke7 16. h4 gxh4 17. Rxh4 Nc6 18. Nf4 Ne4 19. Bxe4 dxe4 20. Ng6+ 1-0

[Event "*** SCC Grand Prix: Titled Tuesday Blitz"]
[Site "Chess.com"]
[Date "2020.09.08"]
[Round "9"]
[White "korbul"]
[Black "ferdipy"]
[Result "1-0"]
[WhiteElo "2461"]
[BlackElo "2347"]
[TimeControl "180+1"]
[EndTime "11:42:26 PDT"]
[Termination "korbul won by resignation"]

1. e4 e6 2. d4 d5 3. Nc3 Bb4 4.
exd5 exd5 5. Bd3 c6 6. Ne2 Ne7 7. h3 O-O 8. O-O Bf5 9. Ng3 Bxd3 10. Qxd3 Nd7 11. Bg5 f6 12. Bd2 Re8 13. Rae1 Nf8 14. Re2 Qd7 15. Rfe1 Neg6 16. Nf5 Rxe2 17. Rxe2 Re8 18.
Rxe8 Qxe8 19. Ne2 Bxd2 20. Qxd2 Qe4 21. Neg3 Qf4 22. Qe2 Qd6 23. Nxd6 1-0

[Event "*** SCC Grand Prix: Titled Tuesday Blitz"]
[Site "Chess.com"]
[Date "2020.09.08"]
[Round "9"]
[White "gui_borba"]
[Black "kingnb"]
[Result "0-1"]
[WhiteElo "2425"]
[BlackElo "2628"]
[TimeControl "180+1"]
[EndTime "11:42:30 PDT"]
[Termination "kingnb won by checkmate"]

1. e4 d5 2. exd5 Nf6 3. d4 Bg4 4. f3 Bf5 5. c4 e6 6. dxe6 Nc6 7. exf7+ Kxf7 8. Be3 Bb4+ 9. Kf2 Re8 10. Nc3 Rxe3 11.
Kxe3 Nxd4 12. Qxd4 Qe7+ 13. Kf4 Bd6+ 14. Kxf5 g6+ 15. Kg5 Ne4+ 16. Kg4 Qg5+ 17. Kh3 Qh5# 0-1

[Event "*** SCC Grand Prix: Titled Tuesday Blitz"]
[Site "Chess.com"]
[Date "2020.09.08"]
[Round "9"]
[White "Iskusnyh"]
[Black "aa175"]
[Result "1-0"]
[WhiteElo "2578"]
[BlackElo "2391"]
[TimeControl "180+1"]
[EndTime "11:42:39 PDT"]
[Termination "Iskusnyh won by resignation"]

1. d4 e5 2. dxe5 Nc6 3. Nf3 Qe7 4. g3 Nxe5 5. Bg2 h5 6. Nc3 Nxf3+ 7. Bxf3 h4 8. Bf4 hxg3 9. Nd5 gxf2+ 10. Kf1 Qh4 11. Nxc7+ Kd8 12. Bg3 Qxg3 13. hxg3 Rxh1+ 14. Bxh1 Kxc7 15. Qd5 Nf6 16. Qxf7 Bd6 17. Qxg7 Nh5 18. Qc3+ Kb8 19. Kxf2 Nxg3 20. Bf3 1-0

[Event "*** SCC Grand Prix: Titled Tuesday Blitz"]
[Site "Chess.com"]
[Date "2020.09.08"]
[Round "9"]
[White "GM_LOADING"]
[Black "AniJak"]
[Result "0-1"]
[WhiteElo "2526"]
[BlackElo "2382"]
[TimeControl "180+1"]
[EndTime "11:42:42 PDT"]
[Termination "AniJak won by resignation"]

1. Nf3 d5 2. g3 Nf6 3. Bg2 c6 4. O-O Bf5 5. b3 e6 6. Bb2 Bd6 7. c4 O-O 8. d4 Nbd7 9. Nbd2 Re8 10. Ne5 Qc7 11. Ndf3 Be4 12. Nxd7 Nxd7 13. Rc1 dxc4 14. Rxc4 Bxf3 15. Bxf3 e5 16. d5 Nb6 17. Rc1 e4 18.
Bg2 Nxd5 0-1

[Event "*** SCC Grand Prix: Titled Tuesday Blitz"]
[Site "Chess.com"]
[Date "2020.09.08"]
[Round "9"]
[White "Sergey85Rodchenkov"]
[Black "KetiGrant"]
[Result "0-1"]
[WhiteElo "2484"]
[BlackElo "2374"]
[TimeControl "180+1"]
[EndTime "11:43:03 PDT"]
[Termination "KetiGrant won by checkmate"]

1. e4 c5 2. Nf3 Nc6 3. d4 cxd4 4. Nxd4 e5 5. Nb3 Nf6 6. Nc3 Bb4 7. Bc4 O-O 8. O-O Bxc3 9. bxc3 Nxe4 10. Ba3 Nxc3 11.
Qe1 d5 12. Qxc3 dxc4 13. Bxf8 cxb3 14. Bc5 bxc2 15. Qxc2 Be6 16. a4 Rc8 17. Qb2 Qd5 18. Be3 Nd4 19. Rfd1 Rd8 20. Rac1 b6 21. h3 h6 22. Rd2 Bxh3 23. Bxd4 Qxg2# 0-1

[Event "*** SCC Grand Prix: Titled Tuesday Blitz"]
[Site "Chess.com"]
[Date "2020.09.08"]
[Round "9"]
[White "kngopal"]
[Black "lucachess49"]
[Result "1-0"]
[WhiteElo "2242"]
[BlackElo "2398"]
[TimeControl "180+1"]
[EndTime "11:44:07 PDT"]
[Termination "kngopal won by resignation"]

1. e4 e5 2. Nf3 Nc6 3. Bc4 Nf6 4. d3 Be7 5. O-O O-O 6. Nc3 d6 7. h3 Na5 8. Bb5 a6 9. Ba4 b5 10. Bb3 Nxb3 11. axb3 Bb7 12. Be3 Nd7 13. d4 f5 14.
exf5 Rxf5 15. Nd2 exd4 16. Bxd4 Bf6 17. Ne2 Rg5 18. f3 Ne5 19. Ne4 Bxe4 20. fxe4 Qd7 21. Bxe5 Bxe5 22. Qd5+ 1-0

[Event "*** SCC Grand Prix: Titled Tuesday Blitz"]
[Site "Chess.com"]
[Date "2020.09.08"]
[Round "9"]
[White "Xeniya2005"]
[Black "Carnivoras"]
[Result "0-1"]
[WhiteElo "2400"]
[BlackElo "2631"]
[TimeControl "180+1"]
[EndTime "11:44:10 PDT"]
[Termination "Carnivoras won by resignation"]

1. e4 g6 2. d4 Bg7 3. Nf3 d6 4. Be3 Nf6 5. Bd3 O-O 6. Nbd2 Ng4 7. Qe2 Nxe3 8. Qxe3 c5 9. c3 cxd4 10. cxd4 Nc6 11.
O-O Bg4 12. h3 Bxf3 13. Nxf3 Qb6 14. d5 Qxe3 15. fxe3 Nb4 16. Be2 Rfc8 17. Rfc1 Bxb2 18. Rxc8+ Rxc8 19. Rb1 Rc1+ 20. Rxc1 Bxc1 21. a4 Bxe3+ 22. Kf1 Na2 23. Ke1 Nc3 24. a5 Nxe4 25. Bd3 Nc3 26. Bc4 Bc5 27. a6 bxa6 28. Bxa6 Nxd5 29. Bc4 Ne3 30.
Bf1 Nxf1 31. Kxf1 a5 32. Nd2 a4 33. Ke2 a3 34. Nb3 e5 35. Kd3 Bd4 0-1

[Event "*** SCC Grand Prix: Titled Tuesday Blitz"]
[Site "Chess.com"]
[Date "2020.09.08"]
[Round "9"]
[White "LuckSlayeer"]
[Black "Godzillator"]
[Result "1-0"]
[WhiteElo "2460"]
[BlackElo "2251"]
[TimeControl "180+1"]
[EndTime "11:44:13 PDT"]
[Termination "LuckSlayeer won by resignation"]

1. e4 c6 2. c4 d5 3. exd5 cxd5 4. cxd5 Nf6 5. Nc3 Nxd5 6. Nf3 e6 7. d4 Bb4 8. Bd2 Nc6 9. Bd3 O-O 10. O-O Be7 11. a3 Bf6 12. Qc2 g6 13. Be3 Bg7 14. Nxd5 Qxd5 15.
Be4 Qd7 16. Rac1 Ne7 17. Ne5 Qd8 18. Qc7 Nd5 19. Bxd5 Qxd5 20. Rfd1 b6 21. Nc6 Kh8 22. Ne7 Qe4 23. Nxc8 Raxc8 24. Qxc8 Rxc8 25. Rxc8+ Bf8 26. Bh6 1-0

[Event "*** SCC Grand Prix: Titled Tuesday Blitz"]
[Site "Chess.com"]
[Date "2020.09.08"]
[Round "9"]
[White "GMJustin"]
[Black "Chessdemon2019"]
[Result "1/2-1/2"]
[WhiteElo "2240"]
[BlackElo "2385"]
[TimeControl "180+1"]
[EndTime "11:44:19 PDT"]
[Termination "Game drawn by agreement"]

1. e4 c5 2. Nf3 d6 3. d4 cxd4 4. Nxd4 Nf6 5. Nc3 a6 6. Bg5 Nbd7 7. a4 h6 8. Be3 e5 9. Nf5 Qc7 10. a5 Nc5 11. Ng3 Be6 12. Be2 Be7 13. Nf5 Bxf5 14. exf5 O-O 15. Nd5 Nxd5 16. Qxd5 Qc6 17. Qxc6 bxc6 18.
Bxc5 dxc5 19. Bc4 Rfd8 20. Ke2 Rd4 21. b3 Rad8 22. Rhd1 Rxd1 23. Rxd1 Rxd1 24. Kxd1 Bd8 25. Bxa6 Bxa5 26. Bb7 Kf8 27. Bxc6 Ke7 28. Ke2 Kd6 29. Be8 f6 30. Kd3 Be1 31. f3 Kd5 32. Bf7+ Kd6 33. Kc4 Bf2 34. Kb5 Kc7 35. c3 Kd6 36. b4 cxb4 37. cxb4 Bg1 38. h4 Bf2 39. h5 Be3 40. Ka6 Kc6 41. b5+ Kc7 42. Be6 Bb6 43. Bc4 Bc5 44. Bb3 Bb6 45. Bc4 Bc5 1/2-1/2

[Event "*** SCC Grand Prix: Titled Tuesday Blitz"]
[Site "Chess.com"]
[Date "2020.09.08"]
[Round "9"]
[White "Mikheev1976"]
[Black "GregShahade"]
[Result "0-1"]
[WhiteElo "2413"]
[BlackElo "2614"]
[TimeControl "180+1"]
[EndTime "11:44:26 PDT"]
[Termination "GregShahade won by resignation"]

1. d4 Nf6 2. c4 g6 3. Nf3 Bg7 4. Nc3 d5 5. cxd5 Nxd5 6. e4 Nxc3 7. bxc3 c5 8. Be3 Bg4 9. Be2 Nc6 10. e5 O-O 11. O-O Rc8 12. Rb1 Qd7 13. d5 Bxf3 14.
dxc6 Qxd1 15. Bxd1 Bxc6 16. Bxc5 Be4 17. Bxe7 Bxb1 18.
Bxf8 Kxf8 19. Bg4 Bf5 20. Bxf5 gxf5 21. f4 Rxc3 22. Rb1 b6 23. Rb4 Ke8 24. Ra4 a5 25. Kf2 Bf8 26. Ke2 Bb4 0-1

[Event "*** SCC Grand Prix: Titled Tuesday Blitz"]
[Site "Chess.com"]
[Date "2020.09.08"]
[Round "9"]
[White "Funo09"]
[Black "KaterynaLagno"]
[Result "1-0"]
[WhiteElo "2853"]
[BlackElo "2700"]
[TimeControl "180+1"]
[EndTime "11:44:29 PDT"]
[Termination "Funo09 won by resignation"]

1. e4 e5 2. Nf3 Nc6 3. Bb5 g6 4. O-O Bg7 5. Re1 Nge7 6. c3 a6 7. Ba4 b5 8. Bb3 d6 9. a4 Rb8 10. axb5 axb5 11. d4 exd4 12. cxd4 Bg4 13. Bxf7+ Kf8 14.
Be3 h6 15. h3 Bh5 16. Be6 g5 17. Nc3 b4 18. Nd5 Nxd5 19. exd5 Ne7 20. Ra7 Ra8 21.
Qa4 Rxa7 22. Qxa7 Bf6 23. Rc1 Kg7 24. Rxc7 Bg6 25. Ne5 dxe5 26. dxe5 Bxe5 27. Rxe7+ Kf6 28. Rf7+ 1-0

[Event "*** SCC Grand Prix: Titled Tuesday Blitz"]
[Site "Chess.com"]
[Date "2020.09.08"]
[Round "9"]
[White "Ave_Mariia"]
[Black "Yaacovn"]
[Result "0-1"]
[WhiteElo "2478"]
[BlackElo "2887"]
[TimeControl "180+1"]
[EndTime "11:44:30 PDT"]
[Termination "Yaacovn won by checkmate"]

1. d4 Nf6 2. c4 e5 3. dxe5 Ne4 4.
Nf3 Nc6 5. e3 d6 6. exd6 Bxd6 7.
Bd3 Bb4+ 8. Ke2 Qe7 9. Nbd2 Bxd2 10. Bxd2 Bg4 11. Kf1 O-O-O 12. Bxe4 Qxe4 13. Qe2 Rhe8 14. Bc3 f6 15. h3 Bh5 16. g4 Bf7 17. b3 Rd3 18. Bb2 Red8 19. Kg2 Rd2 20. Qe1 Rxb2 21. Kg3 Ne5 22. Nxe5 Qxe5+ 23. f4 Qe4 24. Rf1 Qg2+ 25. Kh4 g6 26. Qc3 Rf2 27. Rfd1 Rg8 28. Rg1 g5+ 29. fxg5 fxg5# 0-1

[Event "*** SCC Grand Prix: Titled Tuesday Blitz"]
[Site "Chess.com"]
[Date "2020.09.08"]
[Round "9"]
[White "Hypercar"]
[Black "queen_iryna"]
[Result "1-0"]
[WhiteElo "2410"]
[BlackElo "2289"]
[TimeControl "180+1"]
[EndTime "11:44:30 PDT"]
[Termination "Hypercar won by resignation"]

1. c4 e5 2. e3 d6 3. Nc3 Nf6 4. d4 exd4 5. exd4 g6 6. Nf3 Bg7 7. Be2 O-O 8. h3 Nc6 9. O-O Bf5 10. b3 Ne4 11. Nxe4 Bxe4 12. Bb2 Re8 13. Qd2 a5 14. d5 Bxf3 15. Bxf3 Bxb2 16. dxc6 Bxa1 17. cxb7 Rb8 18. Rxa1 Qf6 19. Re1 Rxe1+ 20. Qxe1 Qe5 21. Qxe5 dxe5 22. c5 Kf8 23. Kf1 Ke7 24. Bc6 f5 25. Ke2 Ke6 26.
Kd3 e4+ 27. Kc4 Ke5 28. Kb5 f4 29. Ka6 e3 30. fxe3 fxe3 31. Bf3 Kd4 32. Ka7 Rxb7+ 33. Kxb7 Kxc5 34. Kxc7 Kb4 35. Kb6 a4 36. bxa4 Kxa4 37.
Kc5 Ka3 38. Kd4 Kxa2 39. Kxe3 Kb3 40. Kf4 Kc4 41. Ke5 Kd3 42. Kf6 1-0

[Event "*** SCC Grand Prix: Titled Tuesday Blitz"]
[Site "Chess.com"]
[Date "2020.09.08"]
[Round "9"]
[White "LedakovAlexandr"]
[Black "azikom"]
[Result "0-1"]
[WhiteElo "2454"]
[BlackElo "2641"]
[TimeControl "180+1"]
[EndTime "11:44:32 PDT"]
[Termination "azikom won by resignation"]

1. Nf3 c5 2. c3 Nf6 3. d4 b6 4. Bg5 Bb7 5. Nbd2 e6 6. e3 Be7 7. Bd3 h6 8. Bxf6 Bxf6 9. Qe2 Nc6 10. O-O-O d5 11. Ba6 Bxa6 12. Qxa6 O-O 13. dxc5 Qc7 14.
Nb3 Rfc8 15. Nfd4 bxc5 16. Nxc5 Ne5 17. Ndb3 Rab8 18. Qa4 Nc4 19. Na6 Nxb2 20. Nxc7 Nxa4 21. Na6 Rb6 0-1

[Event "*** SCC Grand Prix: Titled Tuesday Blitz"]
[Site "Chess.com"]
[Date "2020.09.08"]
[Round "9"]
[White "mr_gustavo"]
[Black "PotapovaM"]
[Result "1-0"]
[WhiteElo "2281"]
[BlackElo "2474"]
[TimeControl "180+1"]
[EndTime "11:44:40 PDT"]
[Termination "mr_gustavo won by checkmate"]

1. e4 c5 2. Nf3 d6 3. d4 cxd4 4. Nxd4 Nf6 5. Nc3 a6 6. Bg5 e6 7. f4 h6 8. Bh4 Qb6 9. a3 Be7 10. Bf2 Qc7 11. Qf3 b5 12. Bd3 Bb7 13. O-O Nbd7 14. Qg3 g5 15. fxg5 hxg5 16. Rae1 O-O-O 17. Qxg5 Nxe4 18. Qxe7 Nxf2 19. Rxf2 d5 20. Nf3 d4 21. Ne4 Bd5 22. Nd6+ Kb8 23. Nxf7 Rde8 24. Qd6 Rhf8 25. Qxc7+ Kxc7 26. N7e5 Nc5 27. Bg6 Re7 28. Nxd4 Rg8 29. Ndf3 Kd6 30. Bd3 Reg7 31. Bf1 Na4 32. c4 bxc4 33.
Nxc4+ Ke7 34. Nfe5 Nc5 35. b4 Ne4 36. Rc2 Ng5 37. Ne3 Kd6 38. Nxd5 Kxd5 39. Rd2# 1-0

[Event "*** SCC Grand Prix: Titled Tuesday Blitz"]
[Site "Chess.com"]
[Date "2020.09.08"]
[Round "9"]
[White "ExcitingTrap"]
[Black "Tekushka"]
[Result "0-1"]
[WhiteElo "2300"]
[BlackElo "2425"]
[TimeControl "180+1"]
[EndTime "11:44:41 PDT"]
[Termination "Tekushka won by resignation"]

1. e4 e6 2. d4 d5 3. Nd2 Be7 4.
Bd3 c5 5. Ngf3 Nf6 6. e5 Nfd7 7. c3 Nc6 8. O-O a5 9. a4 cxd4 10. cxd4 Nb4 11. Bb1 b6 12. Re1 Ba6 13. Nf1 Rc8 14.
Ra3 Rc6 15. Ng3 Qc7 16. Bg5 Bf8 17. Bd2 Nc2 18. Rc3 Nxe1 19. Bxe1 Bb4 20. Rxc6 Qxc6 21. Bxb4 axb4 22. Ng5 h6 23. Nf3 O-O 24. h3 Rc8 25. Kh2 Qc1 0-1

[Event "*** SCC Grand Prix: Titled Tuesday Blitz"]
[Site "Chess.com"]
[Date "2020.09.08"]
[Round "9"]
[White "kasparicy"]
[Black "ChronicUnhappiness"]
[Result "0-1"]
[WhiteElo "2326"]
[BlackElo "2454"]
[TimeControl "180+1"]
[EndTime "11:44:44 PDT"]
[Termination "ChronicUnhappiness won by resignation"]

1. e4 c5 2. Nf3 Nc6 3. d4 cxd4 4. Nxd4 Nf6 5. Nc3 e5 6. Ndb5 d6 7. Bg5 a6 8. Na3 b5 9. Nd5 Be7 10. Bxf6 Bxf6 11. c3 Bg5 12. g3 O-O 13. Nc2 Be6 14.
Bg2 a5 15. O-O Ne7 16. Nce3 Bxe3 17. Nxe3 Qb6 18. Qh5 b4 19. c4 b3 20. a3 Rac8 21. Rac1 Rc5 22. Qg5 Qd8 23. Rfd1 Nc6 24. Qxd8 Rxd8 25.
f4 f6 26. fxe5 fxe5 27. Rc3 Nd4 28. Nd5 Bxd5 29. exd5 Ne2+ 30. Kf2 Nxc3 31. bxc3 Rxc4 0-1

[Event "*** SCC Grand Prix: Titled Tuesday Blitz"]
[Site "Chess.com"]
[Date "2020.09.08"]
[Round "9"]
[White "chessbia"]
[Black "BurningggIce"]
[Result "1-0"]
[WhiteElo "2178"]
[BlackElo "2288"]
[TimeControl "180+1"]
[EndTime "11:44:45 PDT"]
[Termination "chessbia won by resignation"]

1. d4 Nf6 2. c4 e6 3. Nc3 Bb4 4. Qc2 O-O 5. Nf3 d6 6. Bg5 Nbd7 7. e3 Qe7 8. Be2 h6 9. Bh4 c6 10. O-O e5 11. Nd1 Ba5 12. a3 Bc7 13. b4 Qe8 14. Ra2 e4 15. Nd2 Bb8 16. b5 cxb5 17. cxb5 d5 18.
Nb3 Bd6 19. a4 Qe6 20. Bg3 Re8 21. Nc5 Qe7 22. Bxd6 Qxd6 23. Nb3 Nf8 24. Qd2 Ne6 25. Nc3 Ng5 26. Rc1 Bg4 27. Rac2 Bf3 28. Bf1 Bxg2 29.
Bxg2 Ng4 30. Qe2 Qxh2+ 31. Kf1 Nh3 32. Qxg4 Qg1+ 33. Ke2 Qxf2+ 34. Kd1 Qg1+ 35. Kd2 Ng5 36. Rxg1 1-0

[Event "*** SCC Grand Prix: Titled Tuesday Blitz"]
[Site "Chess.com"]
[Date "2020.09.08"]
[Round "9"]
[White "Gorin_Leonid"]
[Black "plumalka"]
[Result "1-0"]
[WhiteElo "2635"]
[BlackElo "2440"]
[TimeControl "180+1"]
[EndTime "11:44:49 PDT"]
[Termination "Gorin_Leonid won by resignation"]

1. e4 c5 2. Nf3 d6 3. d4 cxd4 4. Nxd4 Nf6 5. f3 e5 6. Bb5+ Bd7 7. Bxd7+ Qxd7 8. Nf5 g6 9. Ne3 Nc6 10. Nc3 h5 11. Ned5 Nxd5 12. Nxd5 Be7 13. Be3 h4 14.
Qd3 h3 15. g3 f5 16. O-O-O O-O-O 17. Bxa7 Qe6 18. Qb3 Nxa7 19. Nb6+ Kc7 20. Qxe6 Kxb6 21. Qxe7 Nc6 22. Rxd6 fxe4 23. fxe4 Rhe8 24. Qf6 Rf8 25. Qxg6 Rg8 26. Qe6 Rge8 27. Qb3+ Kc7 28. Rxd8 Rxd8 29. Qf7+ Kb6 30. Qe6 Kc5 31. Rd1 Ra8 32. a3 1-0

[Event "*** SCC Grand Prix: Titled Tuesday Blitz"]
[Site "Chess.com"]
[Date "2020.09.08"]
[Round "9"]
[White "13MiRacLe"]
[Black "PowerThinking2650"]
[Result "1-0"]
[WhiteElo "2591"]
[BlackElo "2394"]
[TimeControl "180+1"]
[EndTime "11:44:52 PDT"]
[Termination "13MiRacLe won by resignation"]

1. e4 e5 2. Nf3 Nc6 3. Bb5 a6 4. Ba4 Nf6 5. O-O Be7 6. d3 b5 7. Bb3 d6 8. a3 O-O 9. Nc3 Bg4 10. Be3 Nd4 11. Bxd4 exd4 12. Nd5 c5 13. h3 Be6 14. Nxf6+ Bxf6 15. Bxe6 fxe6 16. Nd2 e5 17. Qg4 Bg5 18. Nf3 Bh6 19. a4 Qc8 20. axb5 Qxg4 21. hxg4 axb5 22. Rxa8 Rxa8 23. g5 Ra2 24. Rb1 Bxg5 25. Nxg5 h6 26. Nf3 g5 27. g4 Kf7 28. Kf1 Ke6 29. Ke2 d5 30. Nd2 Kd6 31. Rh1 Rxb2 32. Rxh6+ Kd7 33.
Kd1 c4 34. exd5 c3 35. Nb3 Rb1+ 36. Ke2 Rg1 37. Nc5+ Ke8 38. d6 Rc1 39. d7+ Ke7 40. Rh7+ 1-0

[Event "*** SCC Grand Prix: Titled Tuesday Blitz"]
[Site "Chess.com"]
[Date "2020.09.08"]
[Round "9"]
[White "Quiet_Desperation"]
[Black "uthoang"]
[Result "1-0"]
[WhiteElo "2028"]
[BlackElo "2239"]
[TimeControl "180+1"]
[EndTime "11:44:54 PDT"]
[Termination "Quiet_Desperation won by checkmate"]

1. Nf3 Nf6 2. b3 e6 3. Bb2 Be7 4. e3 O-O 5. d4 b6 6. Bd3 Bb7 7.
Nbd2 d5 8. O-O Nbd7 9. c4 c6 10. Re1 Rc8 11. e4 dxe4 12. Nxe4 Nxe4 13. Bxe4 Nf6 14.
Bc2 c5 15. Qd3 g6 16. Rad1 Qc7 17. dxc5 Qxc5 18. Bd4 Qa5 19. Re5 Qb4 20. Rb5 Qa3 21.
Qc3 Ne8 22. Ng5 Bxg5 23. Rxg5 Qe7 24. Rg3 Rd8 25. Qe1 Nd6 26. Bb2 Ne8 27. Rxd8 Qxd8 28.
Qe5 f6 29. Qxe6+ Kg7 30. Rd3 Qc8 31. Rd7+ Kh6 32. Qh3+ Kg5 33. Bc1# 1-0

[Event "*** SCC Grand Prix: Titled Tuesday Blitz"]
[Site "Chess.com"]
[Date "2020.09.08"]
[Round "9"]
[White "dosto07"]
[Black "lelya96"]
[Result "1-0"]
[WhiteElo "2296"]
[BlackElo "2154"]
[TimeControl "180+1"]
[EndTime "11:44:58 PDT"]
[Termination "dosto07 won by checkmate"]

1. e4 e5 2. Nf3 Nc6 3. Bb5 a6 4. Ba4 Nf6 5. O-O b5 6. Bb3 Bc5 7. c3 d6 8. d4 Bb6 9. a4 Rb8 10. h3 O-O 11. Re1 Re8 12. Bg5 h6 13. Bh4 g5 14.
Nxg5 hxg5 15. Bxg5 exd4 16. axb5 axb5 17. Qf3 Ne5 18.
Qg3 Ng6 19. cxd4 Bxd4 20. Nc3 Re5 21. h4 Nh5 22. Qf3 Rxg5 23. Qxf7+ Kh8 24. hxg5 Qxg5 25.
Qg8# 1-0